AoeStats
← ibreks

Fortress

509015606Analyzed
4v4 RM · 9d ago on Sep 25, 2026· 16m 12s· 8 players
Game mode
Random Map
Map size
Huge
Population
200
Speed
Normal
Resources
Standard
Victory
Conquest
Starting age
Dark Age
Ending age
Imperial Age
RankedLock teamsTeams togetherTeam positionsShared explorationLock speedFull tech treeHidden civsTurbo modeCheats
Victory
Defeat
🇨🇱 Khmer · Chile
1087
+4
🇨🇱 Franks · Chile
729
+16
🇨🇱 Spanish · Chile
659
+18
🇲🇽 Danes · Mexico
594
+21
🇨🇳 Celts · China
767
-16
🇺🇸 Persians · United States
742
-15
🇺🇸 Varangians · United States
730
-14
🇺🇸 Danes · United States
712
-14
StrawbrryShakes
8:01 Feudal Age
11:47 Double-Bit Axe
14:57 Gold Mining
ibreks
8:18 Feudal Age
7:10 Loom
14:27 Castle Age
13:42 Bloodlines
RadCargo6254
0:44 Loom
10:38 Feudal Age
12:17 Wheelbarrow
11:27 Town Watch
11:39 Stone Mining
11:37 Double-Bit Axe
11:35 Horse Collar
11:51 Gold Mining
Nick76Luo
5:40 Feudal Age
11:48 Castle Age
10:02 Double-Bit Axe
10:32 Horse Collar
12:03 Gold Mining
12:42 Bow Saw
12:59 Heavy Plow
mertndolan7564
7:38 Feudal Age
10:40 Castle Age
11:16 Horse Collar
13:41 Double-Bit Axe
Stephani Gotica
6:36 Feudal Age
10:09 Castle Age
8:37 Double-Bit Axe
9:12 Horse Collar
15:33 Scale Mail Armor
MartyIgnacio
9:05 Feudal Age
13:07 Castle Age
11:14 Double-Bit Axe
12:07 Gold Mining
12:06 Horse Collar
13:13 Padded Archer Armor
14:41 Leather Archer Armor
16:26 Scale Barding Armor
dOlebriO
7:33 Feudal Age
10:00 Wheelbarrow
10:54 Double-Bit Axe
11:37 Scale Barding Armor
11:44 Forging
14:33 Castle Age
12:20 Loom
15:57 Husbandry
16:22 Chain Barding Armor
Connection lost

Rejoining the realm…

Still unreachable

The connection could not be restored.

Session expired

The server has moved on; the page needs a fresh start.